[ PARTIDA AOE2 · #482339937 ]
UnrankedBorgoñones vs Romans
Equipo del jugador · DERR
Equipo rival · VICT
[ ANÁLISIS DE REPETICIÓN · EXTRAÍDO DE LA PARTIDA GRABADA ]
Feudal
13:50
Castillos
—
Imperial
—
| APM promedio | 12.0 |
| APM pico | 23 |
| eAPM promedio | 7.1 |
| Aldeanos / militares | 42 / 0 |
Foco
⚔️ 10.0% · 🌾 90.0%
Feudal
12:33
Castillos
—
Imperial
—
| APM promedio | 87.1 |
| APM pico | 123 |
| eAPM promedio | 18.6 |
| Aldeanos / militares | 21 / 14 |
Foco
⚔️ 31.2% · 🌾 68.8%
Militia ×11 · Spearman ×3
Mapa de la partida
Recursos iniciales + cada clic de construcción. Líneas = muros · curvas = relieve. ◆ oro · ⬟ piedra · ● bayas · ✦ reliquia · ◌ hueco del cierre
Tu base· Abierta — flanco sin cerrar
Base de Angel· Abierta — flanco sin cerrar
Terreno inicial suavizado · ◌ = hueco del cierre detectado · pasá el cursor para detalles
Inputs por minuto
— 社恐 - - Angel
Build order — 社恐
68 acciones detectadas en el replay
| 0:04 | Construir | House |
| 0:07 | Construir | House |
| 0:13 | Crear | Villager (Male) |
| 0:13 | Crear | Villager (Male) |
| 0:14 | Crear | Villager (Male) |
| 0:14 | Crear | Villager (Male) |
| 0:14 | Crear | Villager (Male) |
| 1:40 | Crear | Villager (Male) |
| 2:02 | Construir | Mill |
| 2:30 | Crear | Villager (Male) |
| 2:30 | Crear | Villager (Male) |
| 2:30 | Crear | Villager (Male) |
| 3:02 | Crear | Villager (Male) |
| 3:22 | Crear | Villager (Male) |
| 3:22 | Crear | Villager (Male) |
| 3:38 | Construir | House |
| 3:41 | Construir | House |
| 4:08 | Crear | Villager (Male) |
| 4:09 | Crear | Villager (Male) |
| 4:09 | Crear | Villager (Male) |
| 4:35 | Crear | Villager (Male) |
| 4:35 | Crear | Villager (Male) |
| 4:35 | Crear | Villager (Male) |
| 5:08 | Crear | Villager (Male) |
| 5:08 | Crear | Villager (Male) |
| 5:19 | Construir | Lumber Camp |
| 5:30 | Crear | Villager (Male) |
| 5:30 | Crear | Villager (Male) |
| 6:23 | Construir | Mill |
| 6:26 | Crear | Villager (Male) |
| 6:26 | Crear | Villager (Male) |
| 6:27 | Crear | Villager (Male) |
| 6:27 | Crear | Villager (Male) |
| 6:42 | Investigar | Double-Bit Axe |
| 7:16 | Crear | Villager (Male) |
| 7:16 | Crear | Villager (Male) |
| 7:43 | Construir | House |
| 7:47 | Construir | House |
| 8:11 | Crear | Villager (Male) |
| 8:12 | Crear | Villager (Male) |
| 8:21 | Crear | Villager (Male) |
| 8:21 | Crear | Villager (Male) |
| 8:22 | Crear | Villager (Male) |
| 8:22 | Crear | Villager (Male) |
| 8:26 | Investigar | Horse Collar |
| 8:52 | Construir | Farm |
| 9:00 | Construir | Farm |
| 9:07 | Crear | Villager (Male) |
| 9:07 | Crear | Villager (Male) |
| 9:16 | Construir | Farm |
| 9:26 | Construir | Farm |
| 9:30 | Construir | Farm |
| 9:38 | Construir | Farm |
| 9:45 | Construir | Farm |
| 9:51 | Construir | Farm |
| 10:00 | Crear | Villager (Male) |
| 10:00 | Crear | Villager (Male) |
| 10:04 | Investigar | Wheelbarrow |
| 10:09 | Crear | Villager (Male) |
| 10:09 | Crear | Villager (Male) |
| 10:44 | Construir | Farm |
| 11:23 | Investigar | Feudal Age |
| 12:36 | Construir | Lumber Camp |
| 13:35 | Construir | Barracks |
| 13:50 | Edad | Edad Feudal |
| 14:02 | Construir | Watch Tower |
| 14:12 | Crear | Villager (Male) |
| 14:12 | Crear | Villager (Male) |
Build order — Angel
49 acciones detectadas en el replay
| 0:01 | Crear | Villager (Male) |
| 0:01 | Crear | Villager (Male) |
| 0:02 | Crear | Villager (Male) |
| 0:02 | Crear | Villager (Male) |
| 0:04 | Construir | House |
| 0:06 | Construir | House |
| 1:24 | Crear | Villager (Male) |
| 1:25 | Crear | Villager (Male) |
| 1:49 | Construir | Lumber Camp |
| 2:45 | Crear | Villager (Male) |
| 2:46 | Crear | Villager (Male) |
| 2:46 | Crear | Villager (Male) |
| 2:46 | Crear | Villager (Male) |
| 4:00 | Crear | Villager (Male) |
| 4:01 | Crear | Villager (Male) |
| 4:01 | Crear | Villager (Male) |
| 5:00 | Construir | Mill |
| 5:25 | Crear | Villager (Male) |
| 5:25 | Crear | Villager (Male) |
| 5:26 | Crear | Villager (Male) |
| 5:26 | Crear | Villager (Male) |
| 5:57 | Construir | House |
| 6:25 | Crear | Villager (Male) |
| 6:38 | Crear | Villager (Male) |
| 6:43 | Construir | Barracks |
| 6:56 | Crear | Villager (Male) |
| 6:56 | Investigar | Loom |
| 7:14 | Construir | Mining Camp |
| 9:21 | Construir | House |
| 10:23 | Investigar | Feudal Age |
| 10:36 | Crear | Militia |
| 10:37 | Crear | Militia |
| 10:37 | Crear | Militia |
| 10:37 | Crear | Militia |
| 12:33 | Edad | Edad Feudal |
| 12:36 | Investigar | Man-at-Arms (upgrade) |
| 12:40 | Crear | Villager (Male) |
| 12:45 | Crear | Militia |
| 12:45 | Crear | Militia |
| 12:46 | Crear | Militia |
| 13:43 | Construir | House |
| 14:09 | Investigar | Double-Bit Axe |
| 15:21 | Crear | Spearman |
| 15:21 | Crear | Spearman |
| 15:21 | Crear | Spearman |
| 15:25 | Crear | Militia |
| 15:25 | Crear | Militia |
| 15:25 | Crear | Militia |
| 15:26 | Crear | Militia |
Cronología de la partida
| 6:43 | Angel · first_building Barracks |
| 12:33 | Angel · age_up feudal |
| 13:35 | 社恐 · first_building Barracks |
| 13:50 | 社恐 · age_up feudal |
| 15:27 | 社恐 · resign |
[ ANÁLISIS IA · 1 CRÉDITO ]
¿Qué pasó realmente en esta partida?
Wolo.gg analiza cada decisión: build order, eco, micro, errores típicos por bracket. Análisis personalizado por WhatsApp o Discord en 30 segundos.
Guía civ
Borgoñones
Perfil
Jugador #22822239